 Dungeon Crawl Stone Soup version 0.31-a0-844-gdc52ec4e09 (webtiles) character file.

Game seed: 12944908132305465284

38 IdlyInterested the Slasher (level 3, -5/28 HPs)
             Began as a Demonspawn Gladiator on Sept 28, 2023.
             Slain by Sigmund
             ... wielding a +0 scythe
              (9 damage)
             ... on level 2 of the Dungeon.
             The game lasted 00:03:13 (1261 turns).

IdlyInterested the Slasher (Demonspawn Gladiator)   Turns: 1261, Time: 00:03:13

Health: -5/28      AC:  9    Str: 11 (14) XL:     3   Next: 25%
Magic:  3/3        EV:  6    Int:  9 (11) God:
Gold:   48         SH:  0    Dex: 11 (14) Spells: 2/2 levels left

rFire   + . .        a - +0 long sword
rCold   . . .        (no shield)
rNeg    . . .        j - +0 chain mail
rPois   .            c - +0 helmet
rElec   .            (no cloak)
rCorr   .            (no gloves)
SInv    .            (no boots)
Will    .....        (no amulet) Stlth
                     n - ring of protection from fire
HPRegen 0.24/turn    (no ring)
MPRegen 0.08/turn

%: no passive effects
@: hasted, very quick
A: weakness stinger 1
a: no special abilities


You were on level 2 of the Dungeon.
You visited 1 branch of the dungeon, and saw 2 of its levels.

You collected 48 gold pieces.

Inventory:

Hand Weapons
 a - a +0 long sword (weapon)
 g - a +0 mace of protection
 k - a +0 whip of flaming
Missiles
 e - a javelin
 f - 3 boomerangs (quivered)
 l - 20 stones
 m - 4 poisoned darts
Armour
 b - a +0 leather armour
 c - a +0 helmet (worn)
 j - a +0 chain mail (worn)
Jewellery
 n - a ring of protection from fire (left hand)
Scrolls
 o - a scroll of enchant weapon {unknown}
 p - a scroll of poison {unknown}
 q - a scroll of revelation {unknown}
Potions
 h - a potion of degeneration


   Skills:
 + Level 2.7 Fighting
 - Level 3.0 Long Blades
 - Level 2.0 Throwing
 * Level 0.9 Armour
 - Level 3.0 Dodging


You had 2 spell levels left.
You didn't know any spells.
Your spell library contained the following spells:

 Spells                   Type           Power      Damage    Failure   Level
 Sting                    Tmut/Pois      0%         1d3       100%        1
 Poisonous Vapours        Pois/Air       0%         N/A       100%        2
 Olgreb's Toxic Radiance  Pois           0%         N/A       100%        4


Dungeon Overview and Level Annotations

Branches:
Dungeon (2/15)

Altars:

Annotations:
D:2 Sigmund


Innate Abilities, Weirdness & Mutations

You have a small tail.


Message History

Throw: throwing net
Press: ? - help, Shift-Dir - straight line You throw a throwing net.
Something gets caught in the net!
Something wriggles in the net.
You barely miss something.
Something wriggles in the net.
You barely miss something. You tail-slap something.
Something wriggles in the net.
You hear some strange, mumbled words.
You are confused.
Something wriggles in the net.
All of a sudden the net rips apart!
You miss something.
Your tail-slap misses something.
You bump into the rock wall.
Something hits you but does no damage.
You're too confused to move!
You completely miss something. Something hits you but does no damage.
You're too confused to move!
Something hits you.
You bump into the rock wall.
Something hits you.
* * * LOW HITPOINT WARNING * * *
It was a potion of degeneration.
There was something very wrong with that liquid.
You feel weakened.
You feel dopey.
You feel clumsy.
You feel less confused.
It was a potion of haste.
You feel yourself speed up. Something hits you.
* * * LOW HITPOINT WARNING * * *
You barely miss something. You barely miss something.
Your tail-slap misses something.
Something hits you but does no damage.
You miss something. Something hits you but does no damage.
You closely miss something. You barely miss something.
Something hits you but does no damage.
You miss something.
Your tail-slap misses something.
You miss something.
You hear some strange, mumbled words.
A puff of flame appears from out of thin air!
The puff of flame hits you but does no damage.
You closely miss something.
Your tail-slap misses something.
Something hits you.
* * * LOW HITPOINT WARNING * * *
You barely miss something. You hit something. Something hits you!
You die...

#.. ## ###.###
#.# ..## #.
####.# #~... #.
#....##~~≈# #.
#.≈..≈≈~~#!.
#~≈~≈~~....# #†#
###### ####{#
#.... #..@.# #...
#.#######.#
#.#####...#
#...>##.#.#
........##......#
.##
#######.##..###.#
..# #.##.## #.#
... #.##.# #.###
###.## #.##.#
#...###.....


There were no monsters in sight!

Vanquished Creatures
  2 worms (D:2)
  8 endoplasms
  3 giant cockroaches
  A hobgoblin (D:2)
  2 kobolds (D:1)
  3 quokkas (D:1)
  2 ball pythons (D:1)
  A bat (D:1)
  A frilled lizard (D:2)
  3 goblins
  A rat (D:2)
27 creatures vanquished.

Notes
Turn   | Place    | Note
-------+----------+-------------------------------------------
     0 | D:1      | IdlyInterested the Demonspawn Gladiator began the quest for
                  | the Orb.
     0 | D:1      | Reached XP level 1. HP: 16/16 MP: 1/1
   420 | D:1      | Gained mutation: You have a small tail. [demonic ancestry]
   420 | D:1      | Reached XP level 2. HP: 22/22 MP: 2/2
   995 | D:2      | Reached XP level 3. HP: 27/28 MP: 3/3
  1218 | D:2      | Noticed Sigmund
  1261 | D:2      | Slain by Sigmund

Illustrated notes

Levels and vault maps discovered:
D:1:      matt_arrival_diagonals, layout_loops_ring
D:2:      layout_loops_ring, dreamdust_ecumenical_altar_sealed_demon,
          chequers_serial_rivers_small_a, lightli_corner_chamber, uniq_sigmund

Skill      XL: |  1  2 |
---------------+-------+-----
Long Blades    | 3 |  3.0
Throwing       | 2 |  2.0
Dodging        | 3 |  3.0
Fighting       | |  2.7
Armour         | |  0.9

Action                     || total
---------------------------++-------
  Melee: Long sword        ||    83
         Tailslap          ||     5
         Punch             ||     1
  Throw: Throwing net      ||     3
    Use: Potion            ||     2
 Armour: Leather armour    ||     3
         Chain mail        ||    50
  Dodge: Dodged            ||    23

Table legend: (Time is in decaauts)
 A = Elapsed time spent in this place.
 B = Non-inter-level travel time spent in this place.
 C = Inter-level travel time spent in this place.
 D = Time resting spent in this place.
 E = Time spent auto-exploring this place.
 F = Levels seen in this place.
 G = Mean time per level.
                   A        B        C        D        E       F      G
               +--------+--------+--------+--------+--------+-----+--------+
         Total |   1277 |   1208 |     69 |    212 |    688 |   2 |  638.5 |
       Dungeon |   1277 |   1208 |     69 |    212 |    688 |   2 |  638.5 |
               +--------+--------+--------+--------+--------+-----+--------+

Top non-repeatable levels by time:
     D:1: 900 daAuts
     D:2: 377 daAuts
